 Dungeon Crawl Stone Soup version 0.27-a0-887-gcab673c142 (console) character file.

Game seed: 6111531390919721675

17 jejorda2 the Poker (level 2, -4/36 HPs)
             Began as a Merfolk Berserker on Apr 4, 2021.
             Was a Follower of Trog.
             Slain by Sigmund
             ... wielding a +0 scythe
              (9 damage)
             ... on level 2 of the Dungeon.
             The game lasted 00:01:10 (729 turns).

jejorda2 the Poker (Merfolk Berserker)               Turns: 729, Time: 00:01:11

Health: -4/36      AC:  2    Str: 17    XL:     2   Next: 62%
Magic:  2/2        EV: 12    Int:  6    God:    Trog [*.....]
Gold:   62         SH:  0    Dex: 13    Spells: 1/1 levels left

rFire    . . .     SeeInvis .   a - +0 spear
rCold    . . .     Faith    .   (no shield)
rNeg     . . .     Spirit   .   b - +0 animal skin
rPois    .         Reflect  .   (no helmet)
rElec    .         Harm     .   (no cloak)
rCorr    .         Rampage  .   (no gloves)
Will     .....                  (no boots)
Stlth    ..........             (no amulet)
HPRegen  0.12/turn              (no ring)
MPRegen  0.08/turn              (no ring)

@: berserking, very quick
A: (nimble swimmer 2), mertail
a: Renounce Religion, Berserk


You were on level 2 of the Dungeon.
You worshipped Trog.
Trog was aware of your devotion.
You visited 1 branch of the dungeon, and saw 2 of its levels.

You collected 62 gold pieces.

Inventory:

Hand Weapons
 a - a +0 spear (weapon)
Armour
 b - a +0 animal skin (worn)
Scrolls
 e - a scroll of identify {unknown}
Potions
 c - a potion of haste {unknown}
 d - 2 potions of mutation {unknown}
 f - a potion of heal wounds {unknown}


   Skills:
 + Level 3.5 Fighting
 * Level 5.1 Polearms
 + Level 1.6 Armour
 - Level 2.6 Dodging


You had one spell level left.
You didn't know any spells.
Your spell library was empty.

Dungeon Overview and Level Annotations

Branches:
Dungeon (2/15)

Altars:

Annotations:
D:2 1 exclusion, Sigmund


Innate Abilities, Weirdness & Mutations

((You are quick and stealthy near water. (Stealth+, EV+, Speed+++)))
Your lower body shifts to a powerful aquatic tail in water.


Message History

Sigmund flickers and vanishes!
Deactivating autopickup; reactivate with Ctrl-A.
There is a stone staircase leading up here.
Press: ? - help, v - describe, . - travel The floor.
Placed new exclusion.
A magic dart appears from out of thin air!
The magic dart hits you!
You climb upwards.
Reactivating autopickup.
There is a stone staircase leading down here.
There is a shaft here.
There is a stone staircase leading down here.
You climb downwards.
Level annotation: 1 exclusion, Sigmund
Found 12 sling bullets and a scroll labelled ULOYVELEAKH.
There is a stone staircase leading up here.
Sigmund is nearby!
Okay, then.
A red film seems to cover your vision as you go berserk!
You feel yourself moving faster!
You feel mighty!
Sigmund hits you from afar with a +0 scythe!
You reach to attack!
You hit Sigmund.
Sigmund is moderately wounded.
You reach to attack!
You puncture Sigmund!
Sigmund is severely wounded.
Sigmund hits you from afar with a +0 scythe!
You are too injured to fight recklessly!
You are too injured to fight recklessly!
You are too injured to fight recklessly!
You are too injured to fight recklessly!
You closely miss Sigmund.
Sigmund is severely wounded.
Sigmund points at you and mumbles some strange words.
The magic dart hits you!
* * * LOW HITPOINT WARNING * * *
You hit Sigmund.
Sigmund is severely wounded.
Sigmund hits you with a +0 scythe!
You die...

#.# #?# #(# #.#
#.# #.# ##+## #<#
##...## #.##
##.....## #.#@#
##.......##
#.###@##...).....#
#.. ..'.........+
## ###......<..#
##.......##
##.....## ##...##
##'## #{#


You could see Sigmund.

Vanquished Creatures
  3 bats (D:1)
  2 endoplasms (D:1)
  2 goblins (D:1)
  2 jackals (D:1)
  A quokka (D:1)
  A ball python (D:1)
  2 frilled lizards (D:1)
  A kobold (D:1)
  2 rats (D:1)
16 creatures vanquished.

Notes
Turn   | Place    | Note
-------+----------+-------------------------------------------
     0 | D:1      | jejorda2 the Merfolk Berserker began the quest for the Orb.
     0 | D:1      | Reached XP level 1. HP: 18/18 MP: 1/1
   118 | D:1      | Reached XP level 2. HP: 24/24 MP: 2/2
   245 | D:1      | Reached skill level 5 in Polearms
   652 | D:2      | Noticed Sigmund
   729 | D:2      | Slain by Sigmund

Illustrated notes

Levels and vault maps discovered:
D:1:      mrwooster_arrival_statue, layout_rooms, chequers_serial_rivers_micro_a
D:2:      layout_loops_corners, basic_ecumenical_altar, uniq_robin, uniq_sigmund

Skill      XL: |  1  2 |
---------------+-------+-----
Polearms       | 5 |  5.1
Fighting       | |  3.5
Armour         | |  1.6
Dodging        | |  2.6

Action                   || total
-------------------------++-------
Melee: Spear             ||    52
Invok: Berserk           ||     1
 Stab: Sleeping          ||     3
Armor: Animal skin       ||    10
Dodge: Dodged            ||    20

Table legend: (Time is in decaauts)
 A = Elapsed time spent in this place.
 B = Non-inter-level travel time spent in this place.
 C = Inter-level travel time spent in this place.
 D = Time resting spent in this place.
 E = Time spent auto-exploring this place.
 F = Levels seen in this place.
 G = Mean time per level.
                   A        B        C        D        E       F      G
               +--------+--------+--------+--------+--------+-----+--------+
         Total |    721 |    682 |     39 |      0 |    572 |   2 |  360.5 |
       Dungeon |    721 |    682 |     39 |      0 |    572 |   2 |  360.5 |
               +--------+--------+--------+--------+--------+-----+--------+

Top non-repeatable levels by time:
     D:1: 672 daAuts
     D:2: 48 daAuts
